 Dungeon Crawl Stone Soup version 0.29.1-2-gbd0b4ee654 (webtiles) character file.

Game seed: 603565835221432371

369 GorkyZ the Shield-Bearer (level 7, -13/55 HPs)
             Began as a Formicid Fighter on Nov 20, 2022.
             Killed by divine providence
             ... invoked by an orc priest
              (15 damage)
             ... on level 4 of the Dungeon.
             The game lasted 00:09:09 (4650 turns).

GorkyZ the Shield-Bearer (Formicid Fighter)         Turns: 4650, Time: 00:09:09

Health: -13/55     AC:  9    Str: 22    XL:     7   Next: 1%
Magic:  7/7        EV:  9    Int:  8    God:
Gold:   240        SH:  5    Dex: 13    Spells: 6/6 levels left

rFire   . . .      SeeInvis +   a - +0 quarterstaff
rCold   . . .      Faith    .   c - +0 buckler
rNeg    . . .      Spirit   .   b - +0 scale mail
rPois   .          Reflect  .   (helmet unavailable)
rElec   .          Harm     .   (no cloak)
rCorr   .          Rampage  .   A - +0 pair of gloves {hurl}
Will    .....                   p - +0 pair of boots
Stlth   ..........              (no amulet)
HPRegen 0.18/turn               (no ring)
MPRegen 0.10/turn               (no ring)

@: no status effects
A: permanent stasis, dig shafts and tunnels, antennae 3, four strong arms
a: Dig, Shaft Self


You were on level 4 of the Dungeon.
You visited 1 branch of the dungeon, and saw 4 of its levels.

You collected 240 gold pieces.

Inventory:

Hand Weapons
 a - a +0 quarterstaff (weapon)
Armour
 b - a +0 scale mail (worn)
 c - a +0 buckler (worn)
 p - a +0 pair of boots (worn)
 t - a +0 pair of gloves
 A - a +0 pair of gloves of hurling (worn)
Jewellery
 f - a ring of willpower
 B - a ring of ice
Wands
 s - a wand of digging (2)
Scrolls
 j - a scroll of fear {unknown}
 k - a scroll of teleportation {unknown}
 m - a scroll of fog {unknown}
 n - a scroll of enchant armour {unknown}
 r - a scroll of enchant weapon {unknown}
 u - a scroll of blinking {unknown}
 v - 7 scrolls of identify {unknown}
 w - 2 scrolls of amnesia {unknown}
 y - a scroll of immolation {unknown}
Potions
 d - a potion of might
 e - a potion of haste {unknown}
 g - 2 potions of mutation {unknown}
 h - 2 potions of curing {unknown}
 i - 2 potions of invisibility {unknown}
 l - a potion of attraction {unknown}
 o - a potion of lignification {unknown}
 q - a potion of magic {unknown}
 x - a potion of degeneration {unknown}
 z - a potion of heal wounds {unknown}


   Skills:
 + Level 4.5 Fighting
 - Level 2.0 Staves
 + Level 2.7 Throwing
 + Level 4.6 Armour
 + Level 5.5 Shields
 + Level 2.9 Evocations


You had 6 spell levels left.
You didn't know any spells.
Your spell library contained the following spells:

 Spells                   Type           Power      Damage    Failure   Level
 Shock                    Conj/Air       0%         1d3       78%         1
 Static Discharge         Conj/Air       0%         3-3/arc   89%         2
 Airstrike                Air            0%         2d(0-16)  100%        4
 Lightning Bolt           Conj/Air       0%         1d11      100%        5
 Maxwell's Capacitive Co  Air            0%         ∞         100%        8
 Swiftness                Air            Unusable   N/A       N/A         3

Dungeon Overview and Level Annotations

Branches:
Dungeon (4/15)
 Temple: D:4-7

Altars:
Sif Muna
Uskayaw

Annotations:
D:1 1 transporter


Innate Abilities, Weirdness & Mutations

You cannot be hasted, slowed, berserked, paralysed or teleported.
You can dig through walls and to a lower floor.
You have a pair of large antennae on your head. (SInv)
Your four strong arms can wield two-handed weapons with a shield.


Message History

You closely miss the orc.
The orc priest miscasts a cantrip.
Unknown command.
You hit the orc.
The orc is moderately wounded.
The orc hits you but does no damage.
You hit the orc.
The orc is almost dead.
The orc priest calls upon Beogh to heal the orc.
The orc's wounds heal themselves!
The orc barely misses you.
You closely miss the orc. The orc hits you but does no damage.
You hit the orc but do no damage.
The orc priest mumbles some strange prayers to Beogh against you.
Beogh smites you!
You hit the orc but do no damage. The orc hits you but does no damage.
You block the orc's attack.
You closely miss the orc. You hit the orc.
The orc is heavily wounded.
The orc hits you with a +0 mace.
* * * LOW HITPOINT WARNING * * *
You closely miss the orc.
The orc is heavily wounded.
You hit the orc but do no damage.
The orc is heavily wounded.
The orc barely misses you.
The orc priest invokes the aid of Beogh against you.
Beogh smites you!
* * * LOW HITPOINT WARNING * * *
Unknown command.
You hit the orc.
You kill the orc!
The orc priest looks satisfied for a moment.
You completely miss the orc. The orc hits you but does no damage.
You barely miss the orc. You closely miss the orc. The orc barely misses you.
You barely miss the orc. The orc completely misses you.
The orc priest calls down the wrath of Beogh upon you.
Beogh smites you!
You die...

##################
.................#
.###############@#{
.# #.#oo..... .#
#.# #...... .# ##
##.... .# ... ## .#
# # # #


You could see an orc priest and an orc.

Vanquished Creatures
  An ogre (D:4)
  A scorpion (D:4)
  An orc priest (D:3)
  A hound (D:4)
  Terence (D:2)
  5 adders
  3 worms
  3 dart slugs
  10 orcs
  5 bats
  6 endoplasms
  A giant cockroach (D:3)
  6 goblins
  6 hobgoblins
  3 jackals (D:2)
  4 kobolds
  2 quokkas
  9 ball pythons
  2 frilled lizards
  6 rats
76 creatures vanquished.

Notes
Turn   | Place    | Note
-------+----------+-------------------------------------------
     0 | D:1      | GorkyZ the Formicid Fighter began the quest for the Orb.
     0 | D:1      | Reached XP level 1. HP: 18/18 MP: 1/1
   197 | D:1      | Reached XP level 2. HP: 23/24 MP: 2/2
   386 | D:1      | Reached XP level 3. HP: 19/29 MP: 3/3
   398 | D:1      | Reached skill level 1 in Evocations
   723 | D:1      | Reached skill level 1 in Throwing
  1446 | D:2      | Found a faded altar of an unknown god.
  1833 | D:2      | Reached XP level 4. HP: 37/37 MP: 4/4
  2096 | D:2      | Noticed Terence
  2109 | D:2      | Killed Terence
  2738 | D:3      | Reached XP level 5. HP: 42/42 MP: 5/5
  2870 | D:3      | Found a hide-covered altar of Uskayaw.
  3358 | D:3      | Reached skill level 5 in Shields
  3361 | D:3      | HP: 1/42 [orc/+0 trident (2)]
  3812 | D:4      | Noticed an ogre
  3822 | D:4      | Killed an ogre
  3823 | D:4      | Reached XP level 6. HP: 6/49 MP: 6/6
  3825 | D:4      | HP: 1/49 [goblin/+0 dagger (2)]
  4463 | D:4      | Found a shimmering blue altar of Sif Muna.
  4628 | D:4      | Reached XP level 7. HP: 39/55 MP: 7/7
  4645 | D:4      | HP: 1/55 [orc priest/divine providence (15)]
  4650 | D:4      | Killed from afar by an orc priest

Illustrated notes

Levels and vault maps discovered:
D:1:      spicycebolla_arrival_transporter_tutorial, layout_loops_ring
D:2:      layout_rooms, serial_co_window_serial, co_window_paths_a,
          co_window_cross_1, co_window_paths_b, co_window_corner_a,
          co_window_paths_a, co_window_corner_a, co_window_paths_b,
          co_window_of_opportunity_c, co_window_unsneaky_path_c,
          co_window_corner_b, co_window_broadway_b, co_window_corner_ca,
          co_window_broadway_b, co_window_sun, co_window_4corner_a,
          glass_columns_a, glass_columns_a, glass_columns_a,
          dreamdust_ecumenical_altar_grove, uniq_terence
D:3:      layout_basic, nicolae_uskayaw_murder_on_the_dancefloor,
          minmay_misc_feat_tower, minmay_puff
D:4:      layout_loops_ring, mainiacjoe_overflow_surrounded_room, dk_vineyard_2

Skill      XL: |  1  2  3  4  5 |
---------------+----------------+-----
Evocations     | 1 2 |  2.9
Throwing       | 1 2 |  2.7
Fighting       | 4 |  4.5
Armour         | 4 |  4.6
Shields        | 5 |  5.5
Staves         | |  2.0

Action                   |  1- 3 |  4- 6 |  7- 9 || total
-------------------------+-------+-------+-------++-------
Melee: Quarterstaff      |    87 |   125 |    23 ||   235
 Abil: Dig               |       |     1 |       ||     1
Armor: Scale mail        |    32 |    54 |     7 ||    93
Dodge: Dodged            |    35 |    49 |     6 ||    90
Block: Buckler           |    22 |    30 |     1 ||    53
